 Dungeon Crawl Stone Soup version 0.24.0-13-gcf9b319 (webtiles) character file.

Game seed: 18018924715252753822, levelgen mode: deterministic

70 Fang the Skirmisher (level 4, 0/29 HPs)
             Began as a Gargoyle Berserker on Nov 14, 2019.
             Was a Believer of Trog.
             Slain by a quasit (2 damage)
             ... on level 2 of the Dungeon.
             The game lasted 00:01:12 (1967 turns).

Fang the Skirmisher (Gargoyle Berserker)            Turns: 1967, Time: 00:01:13

Health: 0/29       AC:  5    Str: 22    XL:     4   Next: 21%
Magic:  4/4        EV: 12    Int:  7    God:    Trog [**....]
Gold:   114        SH:  0    Dex:  9    Spells: 3/3 levels left

rFire    . . .     SeeInvis .   a - +0 hand axe
rCold    . . .     Gourm    .   (no shield)
rNeg     + . .     Faith    .   b - +0 animal skin
rPois    ∞         Spirit   .   (no helmet)
rElec    +         Reflect  .   (no cloak)
rCorr    .         Harm     .   (no gloves)
MR       ++...                  (no boots)
Stlth    +.........             (no amulet)
HPRegen  1.09/turn              (no ring)
MPRegen  0.09/turn              (no ring)

@: regenerating
A: negative energy resistance 1, electricity resistance, unbreathing,
petrification resistance, rot immunity, AC +3
a: Berserk, Trog's Hand, Renounce Religion


You were on level 2 of the Dungeon.
You worshipped Trog.
Trog was pleased with you.
You were very hungry.

You visited 1 branch of the dungeon, and saw 2 of its levels.

You collected 114 gold pieces.

Inventory:

Hand Weapons
 a - a +0 hand axe (weapon)
Armour
 b - a +0 animal skin (worn)
Jewellery
 k - an uncursed ring of protection from fire {unknown}
Scrolls
 d - a scroll of fog {unknown}
 e - a scroll of remove curse {unknown}
 f - a scroll of amnesia {unknown}
 g - a scroll of enchant armour {unknown}
Potions
 h - a potion of haste {unknown}
 i - a potion of berserk rage {unknown}
 j - 2 potions of curing {unknown}
 l - a potion of agility {unknown}
Comestibles
 c - 4 rations


   Skills:
 + Level 3.9 Fighting
 + Level 3.2 Axes
 + Level 3.0 Armour
 + Level 2.2 Dodging


You had 3 spell levels left.
You didn't know any spells.
Your spell library was empty.

Dungeon Overview and Level Annotations

Branches:
Dungeon (2/15)

Altars:
Kikubaaqudgha
Qazlal


Innate Abilities, Weirdness & Mutations

You are resistant to torment.
Your stone body is resilient. (AC +3)
You are immune to poison.
You resist negative energy. (rN+)
You are resistant to electric shocks. (rElec)
You can survive without breathing.
You are immune to petrification.
You are immune to rotting.


Message History

The quasit closely misses you. The bat closely misses you.
The bat hits you but does no damage. The bat barely misses you.
The orc warrior hits you with a +0 hand axe!!
Ouch! That really hurt!
There is a transporter here.
You enter the transporter and appear at another place.
The bat barely misses you.
The quasit bites you but does no damage.
The quasit misses you. The quasit barely misses you.
The orc warrior hits you with a +0 hand axe!
* * * LOW HITPOINT WARNING * * *
Your skin crawls.
You feel resistant to hostile enchantments.
You are feeling very hungry.
The bat closely misses you.
The quasit bites you but does no damage.
The quasit closely misses you. The quasit claws you.
You die...

#.#######.....# #...#
#.......#.....######.#
##.#####.#.............
##>..####.#......##.##.#
#.#....##>#......##.##.#
##....#.#.######.##.....
##..##...# #.#####..
##.##..5.######.#####..
##....o@b...............
#..#########..####.####.
#.##8$(_.$8##...##.####.
#.#..!?$!?..#.#.........
#.#.#.....#.#.####.#....
#.#..#...#..#.####.#....
#.#§........#......####.
#.#..#...#..#..########.
#.#.#..©..#.#..# #...


You could see an orc warrior, a quasit and a bat.

Vanquished Creatures
  3 adders (D:2)
  2 oozes (D:2)
  A dart slug (D:1)
  3 giant cockroaches
  5 goblins
  4 hobgoblins
  2 jackals (D:2)
  2 kobolds (D:1)
  5 bats
  A frilled lizard (D:1)
  5 rats
33 creatures vanquished.

Notes
Turn   | Place    | Note
-------+----------+-------------------------------------------
     0 | D:1      | Fang the Gargoyle Berserker began the quest for the Orb.
     0 | D:1      | Reached XP level 1. HP: 14/14 MP: 1/1
   242 | D:1      | Reached XP level 2. HP: 18/19 MP: 2/2
  1292 | D:2      | Reached XP level 3. HP: 14/23 MP: 3/3
  1338 | D:2      | Found a stormy altar of Qazlal.
  1400 | D:2      | Reached ** piety under Trog
  1479 | D:2      | Noticed an orc warrior
  1480 | D:2      | Found an ancient bone altar of Kikubaaqudgha.
  1480 | D:2      | Found a transporter.
  1504 | D:2      | Found a transporter.
  1534 | D:2      | Reached XP level 4. HP: 27/29 MP: 4/4
  1966 | D:2      | HP: 1/29 [orc warrior/+0 hand axe (10)]
  1967 | D:2      | Slain by a quasit

Levels and vault maps discovered:
D:1:      lordsloth_arrival_two_stooges, layout_basic
D:2:      layout_loops_cross, grunt_qazlal_clouds,
          gammafunk_temple_overflow_arena, minmay_pentomino_q2

Skill      XL: |  1  2  3 |
---------------+----------+-----
Axes           | 3 |  3.2
Dodging        | 2 |  2.2
Armour         | 3 |  3.0
Fighting       | |  3.9

Action                   |  1- 3 |  4- 6 || total
-------------------------+-------+-------++-------
Melee: Hand axe          |   113 |    16 ||   129
Invok: Trog's Hand       |     1 |     1 ||     2
 Stab: Sleeping          |     2 |       ||     2
  Eat: Chunk             |     2 |     1 ||     3
Armor: Animal skin       |    59 |     6 ||    65
Dodge: Dodged            |    91 |    26 ||   117
